Map: Romanticide LE

Players

AgoElazer (Elazer)

  • Race: Zerg Zerg
  • Spawn Location: 5:00

Stats - Winner!

  • Race: Protoss Protoss
  • Spawn Location: 11:00

Event: TSL 6

VOD

Have the link to the VOD?

Description

Time

  • Played on: Dec. 12, 2020, 11:37 a.m.
  • Length: 7:15

All games in this series

Show
View Real Time Build Order
Export as new Build Order

AgoElazer Zerg 

Build Orders: Pool First 

Get SALT Encoding   

  12  0:00  Drone  
  13  0:12  Overlord  
  13  0:16  Drone  
  14  0:30  Drone x2  
  14  0:34  Drone  
  17  0:44  Extractor  
  17  0:45  Drone  
  17  0:49  Spawning Pool  
  16  0:55  Drone  
  17  1:07  Drone  
  18  1:18  Hatchery  
  17  1:25  Drone  
  18  1:35  Queen  
  18  1:36  Zergling x2  
  21  1:46  Metabolic Boost  
  21  1:52  Overlord  
  22  1:54  Drone  
  22  2:11  Queen  
  22  2:12  Zergling x4  
  26  2:23  Zergling x2  
  26  2:29  Queen  
  27  2:30  Drone  
  27  2:33  Overlord  
  30  2:41  Drone  
  30  2:43  Drone  
  32  2:44  Drone x2  
  34  2:55  Drone x2  
  35  3:04  Drone  
  36  3:06  Queen, Drone  
  39  3:15  Drone  
  39  3:18  Drone  
  41  3:20  Lair  
  41  3:23  Drone  
  42  3:28  Overlord  
  42  3:31  Drone  
  43  3:39  Drone  
  44  3:47  Zergling x4  
  46  3:50  Drone x2  
  46  3:53  Unknown  
  46  3:55  Zergling x4  
  49  3:56  Drone  
  49  4:00  Zergling x2  
  49  4:02  Drone  
  52  4:08  Overlord  
  52  4:19  Hydralisk Den  
  52  4:22  Zergling x2  
  52  4:25  Zergling x2  
  52  4:28  Zergling x12  
  57  4:33  Zergling x2  
  57  4:36  Zergling x2  
  53  4:49  Zergling x4  
  48  4:56  Grooved Spines  
  48  4:58  Hydralisk x4  
  53  5:01  Hydralisk  
  53  5:02  Hydralisk x2  
  51  5:08  Hydralisk  
  51  5:13  Hydralisk  
  50  5:20  Overlord  
  52  5:24  Hydralisk  
  54  5:30  Hydralisk  
  54  5:35  Hydralisk  
  56  5:38  Zergling x2  
  55  5:50  Hydralisk  
  55  5:51  Hydralisk  
  55  5:56  Hydralisk  
  61  6:01  Hydralisk  
  63  6:13  Hydralisk x2  
  67  6:30  Hydralisk  
  67  6:36  Overlord  
  67  6:38  Zergling x2  
Show
View Real Time Build Order
Export as new Build Order

Stats Protoss - Winner!

Build Orders: Colossus Rush 

Get SALT Encoding   

  12  0:00  Probe  
  13  0:14  Pylon  
  13  0:17  Probe (Chrono Boost)  
  14  0:29  Probe (Chrono Boost)  
  15  0:37  Probe (Chrono Boost)  
  15  0:39  Gateway  
  16  0:44  Probe  
  16  0:48  Assimilator  
  17  0:56  Probe  
  18  1:08  Probe  
  19  1:18  Pylon  
  19  1:20  Probe  
  20  1:28  Cybernetics Core  
  20  1:30  Zealot  
  22  1:33  Pylon  
  22  1:37  Probe  
  23  1:56  Probe  
  23  1:57  Assimilator  
  24  2:01  Warp Gate (Chrono Boost)  
  24  2:02  Adept (Chrono Boost)  
  26  2:11  Nexus  
  26  2:13  Probe  
  27  2:25  Stalker  
  27  2:26  Probe  
  30  2:43  Gateway  
  30  2:44  Gateway  
  30  2:47  Probe  
  30  3:01  Probe  
  30  3:03  Pylon  
  31  3:08  Shield Battery  
  31  3:21  Probe  
  31  3:23  Probe  
  33  3:29  Shield Battery  
  33  3:33  Probe  
  34  3:35  Probe  
  34  3:39  Adept  
  34  3:40  Adept x2  
  41  3:44  Pylon  
  41  3:47  Probe x2  
  43  4:01  Adept x3  
  49  4:08  Probe x2  
  51  4:18  Robotics Facility  
  51  4:22  Sentry x2  
  51  4:23  Sentry  
  57  4:28  Probe x2  
  57  4:29  Pylon  
  57  4:40  Probe x2  
  59  4:49  Stalker, Adept  
  59  4:50  Stalker  
  57  5:02  Gateway  
  57  5:03  Gateway  
  57  5:04  Probe x2  
  59  5:09  Robotics Bay  
  59  5:12  Adept  
  55  5:14  Adept  
  55  5:16  Probe x2  
  55  5:21  Adept  
  59  5:28  Probe x2  
  59  5:30  Assimilator  
  59  5:32  Assimilator  
  59  5:50  Pylon  
  59  5:51  Pylon  
  59  5:53  Colossus (Chrono Boost)  
  63  5:58  Shield Battery  
  63  6:00  Shield Battery  
  63  6:03  Stalker x3  
  67  6:10  Stalker  
  69  6:11  Zealot  
  71  6:30  Zealot x3  
  77  6:33  Cybernetics Core  
  77  6:37  Pylon  
  75  6:52  Zealot x2  
  75  6:56  Zealot  
  75  6:59  Zealot  
  73  7:04  Zealot  
Tags
 
Event
TSL 6
Matchup
PvZ
Opening
Pool First
Spawn Locations
Cross Positions
Add a new tag
Caveats
  • Supply blocks, unpowered buildings, or Contaminate may cause inaccurate times.
  • Supply counts are checked every 10 seconds.